 Dungeon Crawl Stone Soup version 0.17-a0-1738-g82cdc46 (webtiles) character file.

9896 kae the Martial Artist (level 11, -9/75 HPs)
             Began as a Demonspawn Monk on Aug 30, 2015.
             Was an Elder of Qazlal.
             Mangled by a spiny frog (12 damage)
             ... on level 1 of the Lair of Beasts.
             The game lasted 00:18:37 (13366 turns).

kae the Martial Artist (Demonspawn Monk)           Turns: 13366, Time: 00:18:38

Health: -9/75      AC:  6    Str: 12    XL:     11   Next: 29%
Magic:  0/20       EV:  8    Int: 12    God:    Qazlal [****..]
Gold:   724        SH:  5    Dex: 18    Spells: 0 memorised, 10 levels left

rFire  . . .     SeeInvis .       - Unarmed
rCold  . . .     Clarity  .     g - +1 robe
rNeg   . . .     SustAt   .     (no shield)
rPois  .         Gourm    .     (no helmet)
rElec  .         Spirit   +     u - +0 cloak
rCorr  .         Warding  .     (gloves unavailable)
rMut   .         Stasis   .     j - +1 pair of boots
MR     .....                    t - amulet of rage
Stlth  +.........               (no ring)
                                (no ring)

@: lethally poisoned (-9 -> -26), repel missiles, not resistant to hostile
enchantments, very unstealthy
A: claws 3, demonic guardian 1, magic shield
a: Upheaval, Elemental Force, Renounce Religion, Evoke Berserk Rage


You were on level 1 of the Lair of Beasts.
You worshipped Qazlal.
Qazlal was greatly pleased with you.
You were not hungry.

You visited 3 branches of the dungeon, and saw 11 of its levels.

You collected 746 gold pieces.
You spent 22 gold pieces at shops.

Inventory:

Missiles
 r - 3 throwing nets (quivered)
Armour
 g - a +1 robe (worn)
 j - a +1 pair of boots (worn)
 u - a +0 cloak (worn)
Jewellery
 a - the cursed ring of Vuqugannisk {rF- rC+ rN+ Int+4 Dex-2, unknown}
   (You found it on level 9 of the Dungeon)

   [ring of dexterity]

   It affects your intelligence (+4).
   It affects your dexterity (-2).
   It makes you vulnerable to fire.
   It protects you from cold.
   It protects you from negative energy.
   It has a curse placed upon it.
 t - an amulet of rage (around neck)
Magical devices
 i - a wand of draining (0)
 B - a wand of magic darts (2)
Scrolls
 o - 3 scrolls of enchant weapon
 p - a scroll of remove curse
 s - a scroll of recharging
 y - a scroll of identify
Potions
 c - a potion of mutation
 d - a potion of flight {unknown}
 e - a potion of poison
 f - 4 potions of curing
 h - 3 potions of lignification {unknown}
 m - 2 potions of haste
 q - a potion of resistance
 v - a potion of berserk rage
 x - a potion of brilliance
 z - a potion of degeneration {unknown}
Books
 w - a book of Conjurations

   Spells                             Type                      Level
   a - Magic Dart                     Conjuration                  1
   b - Searing Ray                    Conjuration                  2
   c - Dazzling Spray                 Conjuration/Hexes            3
   d - Fulminant Prism                Conjuration/Hexes            4
   e - Iskenderun's Mystic Blast      Conjuration                  4
   f - Iskenderun's Battlesphere      Conjuration/Charms           5
Comestibles
 b - 9 bread rations
 k - 3 meat rations
 l - 2 slices of pizza
 n - 2 beef jerkies
 A - 6 fruits
 C - a chunk of flesh


   Skills:
 - Level 3.0 Fighting
 - Level 2.6 Dodging
 - Level 1.7 Stealth
 - Level 13.3 Unarmed Combat
 + Level 13.1 Invocations


You had 10 spell levels left.
You didn't know any spells.

Dungeon Overview and Level Annotations

Branches:
Dungeon (9/15)             Temple (1/1) D:5            Lair (1/8) D:8
    Orc: D:9-12

Altars:
Ashenzari
Cheibriados
Dithmenos
Elyvilon
Fedhas
Gozag
Kikubaaqudgha
Makhleb
Nemelex Xobeh
Okawaru
Qazlal
Ru
Sif Muna
Trog
Vehumet
Xom
Yredelemnul
Zin
The Shining One
Beogh

Shops:
D:9 *[

Annotations:
D:4 PeterLawrence's ghost, average GrFi
D:6 exclusion: door
Lair:1 Harold


Innate Abilities, Weirdness & Mutations

You have claws for hands.
A weak demonic guardian rushes to your aid.
When hurt, damage is shared between your health and your magic reserves.


Message History

You hear a loud, deep croak!
You hear a roar!
You hear an angry buzzing noise.
You hear an angry buzzing noise. x3
You hear a croak.
You hear an angry buzzing noise.
You hear an angry buzzing noise. x3
Unknown command.
The crocodile is engulfed in freezing vapours.
The crocodile seems to slow down.
There is a staircase back to the Dungeon, spattered with blood here.
Unknown command.
You can't go down here!
You can't go down here!
Unknown command.
The spiny frog stings you.
You are poisoned.
The spiny frog poisons you! Harold gestures at you while chanting.
The bolt of fire hits you!
* * * LOW HITPOINT WARNING * * *
The spiny frog stings you!
You die...

#...... #...
#......# #... .
###.....# ....
..#.#.....##...
.............#
.....)......# .#
......§§..@.##....
#....#...........
#.....@Ft§......
#.....†..(§.§.....
......§§#§........
..................
.#................
..................
..##..............
.. ..............


You could see Harold, a spiny frog and a crocodile.

Vanquished Creatures
  Erica (D:8)
  2 manticores (D:8)
  Maurice (D:8)
  A merfolk (D:8)
  2 trolls (D:8)
  A two-headed ogre (D:8)
  A trapdoor spider zombie (D:9)
  A spriggan (D:7)
  4 wyverns
  Grum (D:8)
  2 hippogriffs (D:8)
  2 hungry ghosts
  2 wolves (D:8)
  A water moccasin (D:9)
  A phantom (D:4)
  A necrophage (D:6)
  2 sky beasts (D:6)
  3 ice beasts
  7 black bears (D:8)
  3 centaurs
  2 orc warriors
  A crocodile (D:8)
  3 ogres
  2 giant frogs
  5 big kobolds
  A gnoll sergeant (D:8)
  8 wights
  8 hounds
  9 orc priests
  4 electric eels (D:8)
  A giant frog zombie (D:6)
  4 crimson imps
  A centaur zombie (D:6)
  4 jellies
  4 iguanas
  A centaur skeleton (D:6)
  3 gnoll shamans (D:8)
  A giant frog skeleton (D:5)
  12 orc wizards
  6 worker ants
  A killer bee zombie (D:8)
  8 sheep (D:8)
  A worker ant zombie (D:7)
  19 adders
  4 shadow imps
  An ooze (D:1)
  6 worms
  2 adder skeletons (D:5)
  An adder zombie (D:7)
  9 giant geckos
  60 orcs
  A ball python (D:3)
  6 giant cockroaches
  5 hobgoblins
  9 jackals
  A quokka (D:2)
  A ball python zombie (D:3)
  7 bats
  2 giant cockroach zombies (D:3)
  4 giant gecko skeletons
  A giant gecko zombie (D:5)
  5 giant newts
  11 goblins
  19 kobolds
  2 quokka skeletons
  2 quokka zombies
  9 rats
  3 bushes (D:8)
  8 plants
327 creatures vanquished.

Vanquished Creatures (collateral kills)
  A manticore (D:8)
  A hippogriff (D:8)
  A centaur (D:8)
  A sheep (D:8)
  An orc (D:8)
  A giant gecko (D:8)
  2 rats (D:6)
8 creatures vanquished.

Vanquished Creatures (others)
  A bush (D:8)
  10 plants (D:8)
11 creatures vanquished.

Grand Total: 346 creatures vanquished

Notes
Turn   | Place    | Note
--------------------------------------------------------------
     0 | D:1      | kae the Demonspawn Monk began the quest for the Orb.
     0 | D:1      | Reached XP level 1. HP: 18/18 MP: 1/1
   133 | D:1      | Reached skill level 4 in Unarmed Combat
   137 | D:1      | Gained mutation: You have sharp fingernails. [demonic ancestry]
   137 | D:1      | Reached XP level 2. HP: 17/24 MP: 2/2
   833 | D:1      | Gained mutation: You have very sharp fingernails. [demonic ancestry]
   833 | D:1      | Reached XP level 3. HP: 27/29 MP: 3/3
  1233 | D:2      | Reached skill level 5 in Unarmed Combat
  1244 | D:2      | Gained mutation: A weak demonic guardian rushes to your aid. [demonic ancestry]
  1244 | D:2      | Reached XP level 4. HP: 15/35 MP: 4/4
  1548 | D:2      | Found a shadowy altar of Dithmenos.
  1890 | D:3      | Noticed a hungry ghost
  1908 | D:2      | Killed a hungry ghost
  1908 | D:2      | Reached skill level 6 in Unarmed Combat
  1908 | D:2      | Gained mutation: When hurt, damage is shared between your health and your magic reserves. [demonic ancestry]
  1908 | D:2      | Reached XP level 5. HP: 37/41 MP: 5/5
  2067 | D:3      | Gained mutation: You have claws for hands. [demonic ancestry]
  2067 | D:3      | Reached XP level 6. HP: 25/47 MP: 4/6
  2789 | D:4      | Reached skill level 7 in Unarmed Combat
  3326 | D:4      | Reached XP level 7. HP: 50/52 MP: 7/7
  3335 | D:4      | Reached skill level 8 in Unarmed Combat
  3595 | D:4      | Found a deep blue altar of Sif Muna.
  3627 | D:4      | Noticed PeterLawrence's ghost (average GrFi)
  3644 | D:5      | Entered Level 5 of the Dungeon
  3887 | D:5      | Found a staircase to the Ecumenical Temple.
  3900 | Temple   | Entered the Ecumenical Temple
  4064 | D:5      | Found a basalt altar of Yredelemnul.
  4245 | D:5      | Reached skill level 9 in Unarmed Combat
  4700 | D:6      | Reached XP level 8. HP: 51/56 MP: 6/8
  5128 | D:6      | Found a stormy altar of Qazlal.
  5128 | D:6      | Noticed a water elemental
  5131 | D:6      | Noticed an air elemental
  5135 | D:6      | Noticed a fire elemental
  5145 | D:6      | Became a worshipper of Qazlal Stormbringer
  5145 | D:6      | Acquired Qazlal's first power
  5145 | D:6      | Acquired Qazlal's second power
  5454 | D:6      | Reached skill level 10 in Unarmed Combat
  5514 | D:6      | Noticed a moth of wrath
  5516 | D:6      | Found a bloodstained altar of Trog.
  6227 | D:7      | Reached skill level 11 in Unarmed Combat
  6371 | D:7      | Reached XP level 9. HP: 39/61 MP: 6/9
  6572 | D:7      | Found an opulent altar of Gozag.
  6572 | D:7      | Found a radiant altar of Vehumet.
  6629 | D:7      | Acquired Qazlal's third power
  6818 | D:7      | Found a sacrificial altar of Ru.
  7293 | D:8      | Reached skill level 12 in Unarmed Combat
  7878 | D:8      | Noticed Maurice
  7916 | D:8      | Killed Maurice
  7926 | D:8      | Noticed Erica
  8292 | D:8      | Killed Erica
  8292 | D:8      | Reached skill level 13 in Unarmed Combat
  8292 | D:8      | Reached XP level 10. HP: 59/68 MP: 8/10
  8411 | D:8      | HP: 3/68 [electric eel/bolt of electricity (11)]
  8770 | D:8      | Reached skill level 1 in Invocations
  9475 | D:8      | Found a staircase to the Lair.
  9674 | D:8      | Reached skill level 5 in Invocations
  9860 | D:8      | Noticed Grum
  9869 | D:8      | Killed Grum
 10487 | D:8      | Noticed a manticore
 10497 | D:8      | Killed a manticore
 10603 | D:8      | Reached skill level 10 in Invocations
 11081 | D:8      | Found a sacrificial altar of Ru.
 11173 | D:8      | Noticed a manticore
 11180 | D:8      | Killed a manticore
 11294 | D:8      | Reached XP level 11. HP: 56/75 MP: 16/19
 11513 | D:8      | Noticed a manticore
 11533 | D:8      | HP: 3/75 [manticore (3)]
 11534 | D:8      | Killed a manticore
 12146 | D:8      | Acquired Qazlal's fourth power
 12586 | D:9      | Found Tytheduc's General Store.
 12603 | D:9      | Bought a scroll of identify for 22 gold pieces
 12642 | D:9      | Got a clouded amber ring
 12761 | D:9      | Found a roughly hewn altar of Beogh.
 12786 | D:9      | Found Qovean's Antique Armour Emporium.
 13353 | Lair:1   | Entered Level 1 of the Lair of Beasts
 13355 | Lair:1   | Noticed Harold
 13366 | Lair:1   | HP: 3/75 [Harold/bolt of fire (21)]
 13366 | Lair:1   | Mangled by a spiny frog

Vault maps used:
D:1:      minmay_arrival_glassed_features
D:2:      nicolae_dithmenos_through_a_glass_darkly, grunt_ministairs_15
D:3:      first_bread, serial_undead, serial_undead_a, serial_undead_e,
          serial_undead_a, serial_undead_e, serial_undead_a, serial_undead_c,
          serial_undead_c
D:4:      led_sif_pool
D:5:      old_standard_altar, minmay_temple_entry_butterflies
D:6:      tgw_trog, nicolae_qazlal_style_of_elements, corner_web_ring,
          grunt_ministairs_9
D:7:      nicolae_ru_awakened_eye, gammafunk_temple_overflow_pools, the_bakery,
          kennysheep_small_spiral, minmay_misc_feat_doors, grunt_ministairs_15
D:8:      kennysheep_town, uniq_erica, uniq_grum, uniq_maurice
D:9:      serial_shops, nicolae_shop_overgrown_old_shop,
          nicolae_shop_statue_plus, kennysheep_cross_room
Temple:   circular_temple_12
Lair:1:   special_room, uniq_harold

Action                   |  1- 3 |  4- 6 |  7- 9 | 10-12 || total
-------------------------+-------+-------+-------+-------++-------
Melee: Unarmed           |   107 |   187 |   335 |   366 ||   995
Invok: Upheaval          |       |       |     2 |     4 ||     6
Evoke: Wand              |       |       |     1 |       ||     1
  Use: Potion            |     1 |       |       |     2 ||     3
       Scroll            |       |     7 |     8 |     7 ||    22
 Stab: Sleeping          |     4 |     5 |     2 |       ||    11
       Distracted        |       |     1 |     1 |     1 ||     3
  Eat: Chunk             |     1 |     8 |    16 |    17 ||    42
       Royal jelly       |       |       |     1 |       ||     1
